AoeStats
← DK | MF

Arabia

506144010Analyzed
1v1 RM · 21d ago on Sep 12, 2026· 28m 55s· 2 players
Game mode
Random Map
Map size
Tiny (2 player)
Population
200
Speed
Normal
Resources
Standard
Victory
Conquest
Starting age
Dark Age
Ending age
Imperial Age
RankedLock teamsTeams togetherTeam positionsShared explorationLock speedFull tech treeHidden civsTurbo modeCheats
Victory
Defeat
2164
+4
🇩🇰 Sicilians · Denmark
1844
-4
DK | MF
8:52 Feudal Age
9:28 Double-Bit Axe
9:45 Horse Collar
11:36 Wheelbarrow
11:48 Loom
15:36 Loom
20:05 Castle Age
20:06 Scale Barding Armor
20:42 Forging
20:06 Pikeman
Gérard William Franz Emilio
6:05 Loom
8:41 Feudal Age
9:19 Double-Bit Axe
9:25 Horse Collar
15:35 Forging
16:24 Scale Barding Armor
18:17 Wheelbarrow
17:59 Bloodlines
19:45 Fletching
23:56 Castle Age
22:10 Scale Mail Armor
23:44 Arson
24:02 Pikeman
24:42 Squires
24:58 Chain Mail Armor
29:25 Chain Barding Armor
Connection lost

Rejoining the realm…

Still unreachable

The connection could not be restored.

Session expired

The server has moved on; the page needs a fresh start.